 Dungeon Crawl Stone Soup version 0.31.0-32-g396128a36d (webtiles) character file.

Game seed: 11223122718189983012

14 zamzamzam the Trooper (level 2, 0/24 HPs)
             Began as a Human Fighter on Mar 17, 2024.
             Succumbed to a kobold's poison
             ... on level 1 of the Dungeon.
             The game lasted 00:01:50 (369 turns).

zamzamzam the Trooper (Human Fighter)                Turns: 369, Time: 00:01:50

Health: 0/24       AC:  6    Str: 16    XL:     2   Next: 41%
Magic:  2/2        EV:  8    Int:  8    God:
Gold:   19         SH:  4    Dex: 12    Spells: 1/1 levels left

rFire   . . .        a - +0 flail
rCold   . . .        c - +0 buckler
rNeg    . . .        b - +0 scale mail
rPois   .            (no helmet)
rElec   .            (no cloak)
rCorr   .            (no gloves)
SInv    .            (no boots)
Will    .....        (no amulet) Stlth
                     h - ring of flight
HPRegen 0.24/turn    (no ring)
MPRegen 0.08/turn

%: no passive effects
@: lethally poisoned (0 -> -3), flying
A: explore regen
a: no special abilities


You were on level 1 of the Dungeon.
You visited 1 branch of the dungeon, and saw 1 of its levels.

You collected 19 gold pieces.

Inventory:

Hand Weapons
 a - a +0 flail (weapon)
Armour
 b - a +0 scale mail (worn)
 c - a +0 buckler (worn)
Jewellery
 e - an amulet of magic regeneration
 h - a ring of flight (left hand)
Potions
 d - a potion of might


   Skills:
 + Level 3.2 Fighting
 + Level 2.3 Maces & Flails
 - Level 3.0 Armour
 + Level 3.2 Shields


You had one spell level left.
You didn't know any spells.
Your spell library contained the following spells:

 Spells                   Type           Power      Damage    Failure   Level
 Call Imp                 Summ           0%         N/A       97%         2
 Sublimation of Blood     Necr           0%         N/A       97%         2
 Summon Hydra             Summ           0%         N/A       100%        7


Dungeon Overview and Level Annotations

Branches:
Dungeon (1/15)

Altars:

Shops:
D:1 [


Innate Abilities, Weirdness & Mutations

You regain HP and MP as you explore.


Message History

You closely miss the kobold.
You feel very sick.
The kobold hits you but does no damage. x2
You are more poisoned.
The kobold barely misses you. The kobold hits you but does no damage.
You thump the kobold!
You kill the kobold!
You feel very sick. The kobold closely misses you.
You completely miss the kobold.
You feel very sick. The kobold hits you but does no damage.
You are lethally poisoned!
You are too injured to fight recklessly!
You are too injured to fight recklessly!
You sock the kobold!
You kill the kobold!
You feel very sick.
* * * LOW HITPOINT WARNING * * *
You feel very sick.
Things that are here:
a +2 dagger of venom; a kobold corpse
* * * LOW HITPOINT WARNING * * *
You feel sick.
* * * LOW HITPOINT WARNING * * *
You feel sick.
There is a lethal amount of poison in your body!
It was a potion of magic.
Magic courses through your body.
* * * LOW HITPOINT WARNING * * *
You feel sick.
Blink to where?
Press: ? - help, Dir - move target
As you read the scroll labelled JUICWEIJEPH, it crumbles to dust.
It was a scroll of blinking.
* * * LOW HITPOINT WARNING * * *
You feel sick.
As you read the scroll labelled QECSASMAJE, it crumbles to dust.
It is a scroll of identify.
You don't currently have any unidentified items.
You die...

....#
#######..###...##
....#### ###.#.##.#
.......# #.#
#######..# ......>#
#.. #..# #..# ....)..#
#.. #..+ #..# .#.....#
#.# #..# #..# .#.....#
#.####.####..#
####.###
#.#..)....#..#
##.######.#...@.§....#
#......##.#..######..#
#'####.....#$# #
##∩####[#...#.#
#####...#...#..
#...#.#.#....#..
##.##.#.##...####
#......###### ####.###


There were no monsters in sight!

Vanquished Creatures
  2 endoplasms (D:1)
  A giant cockroach (D:1)
  2 hobgoblins (D:1)
  A ball python (D:1)
  2 bats (D:1)
  3 kobolds (D:1)
  A rat (D:1)
12 creatures vanquished.

Notes
Turn   | Place    | Note
-------+----------+-------------------------------------------
     0 | D:1      | zamzamzam the Human Fighter began the quest for the Orb.
     0 | D:1      | Reached XP level 1. HP: 18/18 MP: 1/1
   244 | D:1      | Reached XP level 2. HP: 23/24 MP: 2/2
   260 | D:1      | Found Vyuri's Antique Armour Boutique.
   368 | D:1      | HP: 1/24 [poisoned by a kobold]
   369 | D:1      | Succumbed to a kobold's poison

Illustrated notes

Levels and vault maps discovered:
D:1:      erik_arrival_blinker_ship, layout_loops_cross,
          shapermc_ecumenical_altar_mp_vishouse, serial_shops,
          nicolae_shop_window_shopping

Action                     || total
---------------------------++-------
  Melee: Flail             ||    43
    Use: Scroll            ||     2
         Potion            ||     1
 Armour: Scale mail        ||    41
  Dodge: Dodged            ||    20
  Block: Buckler           ||    14
